 Dungeon Crawl Stone Soup version 0.29-a0-334-gb41bcbb86e (webtiles) character file.

Game seed: 2699666341150734602

56 jlumianski the Skirmisher (level 3, -1/29 HPs)
             Began as a Demonspawn Fighter on Apr 14, 2022.
             Slain by a gnoll
             ... wielding a +0 club
              (3 damage)
             ... on level 1 of the Dungeon.
             The game lasted 00:03:55 (1614 turns).

jlumianski the Skirmisher (Demonspawn Fighter)      Turns: 1614, Time: 00:03:56

Health: -1/29      AC:  7    Str: 18    XL:     3   Next: 69%
Magic:  3/3        EV:  9    Int:  9    God:
Gold:   24         SH:  5    Dex: 14    Spells: 2/2 levels left

rFire   . . .      SeeInvis .   a - +0 war axe
rCold   . . .      Faith    .   c - +0 buckler
rNeg    . . .      Spirit   .   b - +0 scale mail
rPois   .          Reflect  .   (no helmet)
rElec   .          Harm     .   (no cloak)
rCorr   .          Rampage  .   j - +0 pair of gloves
Will    .....                   (no boots)
Stlth   +.........              (no amulet)
HPRegen 0.09/turn               (no ring)
MPRegen 0.08/turn               (no ring)

@: no status effects
A: thin skeletal structure 1, demonic touch 1
a: no special abilities


You were on level 1 of the Dungeon.
You visited 1 branch of the dungeon, and saw 2 of its levels.

You collected 24 gold pieces.

Inventory:

Hand Weapons
 a - a +0 war axe (weapon)
 e - a +1 spear of venom
Missiles
 g - 63 stones (quivered)
Armour
 b - a +0 scale mail (worn)
 c - a +0 buckler (worn)
 j - a +0 pair of gloves (worn)
Jewellery
 i - a ring of positive energy
Scrolls
 f - a scroll of teleportation
 k - a scroll of amnesia
Potions
 d - a potion of might
 l - a potion of curing


   Skills:
 + Level 3.2 Fighting
 + Level 2.5 Axes
 + Level 3.1 Armour
 + Level 0.3 Dodging
 + Level 0.1 Stealth
 + Level 3.1 Shields


You had 2 spell levels left.
You didn't know any spells.
Your spell library was empty.

Dungeon Overview and Level Annotations

Branches:
Dungeon (2/15)

Altars:


Innate Abilities, Weirdness & Mutations

You have a somewhat thin skeletal structure. (Dex +2, Stealth+)
Your touch may inflict minor irresistible damage on your foes.


Message History

You block the gnoll's attack.
You hit the gnoll but do no damage. The gnoll barely misses you.
The gnoll hits you but does no damage.
You barely miss the gnoll. You completely miss the gnoll. You hit the gnoll.
The gnoll closely misses you. The gnoll hits you with a +0 flail.
The gnoll barely misses you. The gnoll hits you with a +0 club.
You slash the gnoll!
The gnoll is almost dead.
You barely miss the gnoll. The gnoll closely misses you.
The gnoll hits you with a +0 flail.
You barely miss the gnoll.
The gnoll is almost dead.
You hit the gnoll. The gnoll hits you with a +0 club.
The gnoll closely misses you. You block the gnoll's attack. x2
You slash the gnoll!
You kill the gnoll!
You barely miss the gnoll. The gnoll closely misses you.
The gnoll hits you with a +0 club.
* * * LOW HITPOINT WARNING * * *
You see here a +0 flail.
The gnoll attacks as you move away! The gnoll hits you with a +0 club.
* * * LOW HITPOINT WARNING * * *
The gnoll attacks as you move away! The gnoll barely misses you.
The gnoll attacks as you move away! You block the gnoll's attack.
You see here a +0 flail.
The gnoll attacks as you move away! The gnoll closely misses you.
Things that are here:
a +0 spear; 13 gold pieces; a gnoll corpse
There is a stone staircase leading up here.
The gnoll hits you with a +0 club.
* * * LOW HITPOINT WARNING * * *
You climb upwards.
There is a stone staircase leading down, spattered with blood here.
The gnoll hits you with a +0 club.
* * * LOW HITPOINT WARNING * * *
Unknown command.
The gnoll attacks as you move away! The gnoll hits you but does no damage.
The gnoll hits you with a +0 club.
You die...

#.........#####.# #.#########
#.......#.......###..........
#.......#..............######
#.......#..............#
#......................#
#.........#####........#
########..# #.#+#..#.#
#..#####.#.#..#.#
#....@)....#..#.#
#...g###.###..#.#
#.....#.......#.######
#>.......^............
#.....####.##.#.#....#
#.....#.........#....#
####.....#.##...+.....
#.....#.##...#.....
#.....#..+.........


You could see a gnoll.

Vanquished Creatures
  3 gnolls
  2 worms (D:1)
  An endoplasm (D:1)
  A goblin (D:1)
  2 hobgoblins
  3 jackals (D:1)
  A quokka (D:1)
  2 ball pythons (D:1)
  2 bats
  A frilled lizard (D:1)
  2 kobolds (D:1)
  2 rats (D:1)
22 creatures vanquished.

Notes
Turn   | Place    | Note
-------+----------+-------------------------------------------
     0 | D:1      | jlumianski the Demonspawn Fighter began the quest for the
                  | Orb.
     0 | D:1      | Reached XP level 1. HP: 18/18 MP: 1/1
   360 | D:1      | Gained mutation: You have a somewhat thin skeletal
                  | structure. (Dex +2, Stealth+) [demonic ancestry]
   360 | D:1      | Reached XP level 2. HP: 4/24 MP: 2/2
  1356 | D:1      | Gained mutation: Your touch may inflict minor irresistible
                  | damage on your foes. [demonic ancestry]
  1356 | D:1      | Reached XP level 3. HP: 11/29 MP: 3/3
  1614 | D:1      | Slain by a gnoll

Illustrated notes

Levels and vault maps discovered:
D:1:      minmay_arrival_five_plusses, layout_basic
D:2:      layout_loops_ring

Skill      XL: |  1  2 |
---------------+-------+-----
Shields        | 3 |  3.1
Axes           | 2 |  2.5
Armour         | 3 |  3.1
Fighting       | |  3.2
Dodging        | |  0.3
Stealth        | |  0.1

Action                   || total
-------------------------++-------
Melee: War axe           ||    83
  Use: Scroll            ||     3
Armor: Scale mail        ||    45
Dodge: Dodged            ||    45
Block: Buckler           ||    22

Table legend: (Time is in decaauts)
 A = Elapsed time spent in this place.
 B = Non-inter-level travel time spent in this place.
 C = Inter-level travel time spent in this place.
 D = Time resting spent in this place.
 E = Time spent auto-exploring this place.
 F = Levels seen in this place.
 G = Mean time per level.
                   A        B        C        D        E       F      G
               +--------+--------+--------+--------+--------+-----+--------+
         Total |   1655 |   1634 |     21 |    630 |    498 |   2 |  827.5 |
       Dungeon |   1655 |   1634 |     21 |    630 |    498 |   2 |  827.5 |
               +--------+--------+--------+--------+--------+-----+--------+

Top non-repeatable levels by time:
     D:1: 1529 daAuts
     D:2: 126 daAuts
